 Dungeon Crawl Stone Soup version 0.31-a0-640-g39d97e502b (webtiles) character file.

Game seed: 15688538482252121485

417 qw the Shooter (level 6, 0/40 HPs)
             Began as a Gargoyle Hunter on Aug 27, 2023.
             Slain by a gnoll
             ... wielding a +0 flail
              (5 damage)
             ... on level 4 of the Dungeon.
             The game lasted 00:01:00 (2407 turns).

qw the Shooter (Gargoyle Hunter)                    Turns: 2407, Time: 00:01:00

Health: 0/40       AC:  9    Str: 15    XL:     6   Next: 92%
Magic:  6/6        EV: 11    Int:  9    God:
Gold:   180        SH:  0    Dex: 15    Spells: 5/5 levels left

rFire   . . .        Y - +1 shortbow (flame)
rCold   . . .        (shield currently unavailable)
rNeg    + . .        d - +0 ring mail
rPois   inf          (no helmet)
rElec   +            (no cloak)
rCorr   .            (no gloves)
SInv    +            (no boots)
Will    .....        (no amulet)
Stlth   +            g - ring of see invisible
HPRegen 0.26/turn    (no ring)
MPRegen 0.10/turn

%: no passive effects
@: no status effects
A: sickness immunity, AC +4, negative energy resistance 1, electricity
resistance, torment resistance 1, petrification resistance
a: no special abilities


You were on level 4 of the Dungeon.
You visited 1 branch of the dungeon, and saw 4 of its levels.

You collected 180 gold pieces.


Innate Abilities, Weirdness & Mutations

You are immune to sickness and miasma.
Your stone body is resilient. (AC +4)
You are immune to poison.
You resist negative energy. (rN+)
You are resistant to electric shocks. (rElec)
You are resistant to unholy torment.
You are immune to petrification.


   Skills:
 - Level 4.8 Fighting
 + Level 6.5 Ranged Weapons
 - Level 2.1 Armour
 - Level 1.5 Dodging
 - Level 1.1 Stealth


You had 5 spell levels left.
You didn't know any spells.
Your spell library was empty.

Inventory:

Hand Weapons
 Y - a +1 shortbow of flaming (weapon)
Armour
 d - a +0 ring mail (worn)
Jewellery
 g - a ring of see invisible (left hand)
 h - a ring of positive energy
Scrolls
 b - a scroll of revelation {unknown}
 f - a scroll of teleportation
 i - a scroll of identify {unknown}
Potions
 a - a potion of cancellation
 c - 2 potions of curing {unknown}
 e - a potion of heal wounds
 j - a potion of mutation {unknown}

Dungeon Overview and Level Annotations

Branches:
Dungeon (4/15)
 Temple: D:4-7

Altars:
Hepliaklqana


Message History

You kill the ball python!
The adder barely misses you.
You shoot an arrow. The arrow hits the adder!
The arrow burns the adder.
You kill the adder!
A gnoll comes into view. It is wielding a +0 whip.
You shoot an arrow. The arrow closely misses the gnoll.
You shoot an arrow. The arrow closely misses the gnoll.
The gnoll hits you but does no damage.
You shoot an arrow. The arrow closely misses the gnoll.
The gnoll hits you from afar with a +0 halberd.
A gnoll comes into view. It is wielding a +0 flail.
You shoot an arrow. The arrow hits the gnoll.
The arrow burns the gnoll.
The gnoll is severely wounded.
The gnoll barely misses you.
You shoot an arrow. The arrow closely misses the gnoll.
The gnoll hits you from afar with a +0 halberd!
The gnoll misses you.
You shoot an arrow. The arrow barely misses the gnoll.
The arrow hits the gnoll.
The arrow burns the gnoll.
The gnoll is heavily wounded.
The gnoll barely misses you. x2
You shoot an arrow. The arrow hits the gnoll.
The arrow burns the gnoll.
The gnoll is heavily wounded.
The gnoll hits you from afar with a +0 halberd!
The gnoll barely misses you.
You shoot an arrow. The arrow hits the gnoll!
The arrow burns the gnoll.
You kill the gnoll!
The gnoll closely misses you.
You shoot an arrow. The arrow barely misses the gnoll.
The gnoll closely misses you. x2
You shoot an arrow. The arrow hits the gnoll.
The arrow burns the gnoll.
The gnoll is severely wounded.
The gnoll barely misses you. The gnoll hits you but does no damage.
You shoot an arrow. The arrow completely misses the gnoll.
The gnoll hits you from afar with a +0 halberd.
The gnoll barely misses you.
You shoot an arrow. The arrow completely misses the gnoll.
The gnoll hits you from afar with a +0 halberd!
The gnoll hits you with a +0 flail.
You die...

..##...##......<.............
#..#......###.........#.... #
#.##.#.....###........#....
.....#.....###.#....###....
......#....#.#.#........ ..
.##............###......
...........>#..# ......
...........##..##......
....#.......##.@%......
...##..##....##g.......
....... ##....g........ .....
#............# ....
.............. $..........#
.......##..## ......... ..#


You could see 2 gnolls.

Vanquished Creatures
  Menkaure (D:4)
  A bullfrog (D:4)
  A scorpion (D:4)
  An orc priest (D:4)
  Jessica (D:2)
  An orc wizard (D:4)
  4 gnolls
  2 adders
  3 orcs (D:4)
  6 endoplasms
  2 giant cockroaches
  6 goblins
  5 hobgoblins
  4 jackals (D:1)
  2 kobolds
  4 quokkas
  5 ball pythons
  5 bats
  5 frilled lizards
  6 rats
65 creatures vanquished.

Notes
Turn   | Place    | Note
-------+----------+-------------------------------------------
     0 | D:1      | qw the Gargoyle Hunter began the quest for the Orb.
     0 | D:1      | Reached XP level 1. HP: 12/12 MP: 1/1
     0 | D:1      | 0 ||| qw: Version: 0.3-a-74-g0d5e918
     0 | D:1      | 0 ||| qw: Game counter: 123
     0 | D:1      | 0 ||| qw: Melee chars always use a shield: true
     0 | D:1      | 0 ||| qw: God list: Okawaru
     0 | D:1      | 0 ||| qw: Allow faded altars: false
     0 | D:1      | 0 ||| qw: Do Orc after clearing Dungeon:15 true
     0 | D:1      | 0 ||| qw: Do second Lair branch before Depths: true
     0 | D:1      | 0 ||| qw: Lair rune preference: random
     0 | D:1      | 0 ||| qw: Goals: Normal
     0 | D:1      | 0 ||| PLANNING D:1-11
   168 | D:1      | Reached XP level 2. HP: 17/17 MP: 2/2
   834 | D:1      | 834 ||| UPGRADING to +0 ring mail.
   844 | D:1      | 844 ||| DROPPING +0 leather armour.
   845 | D:1      | 845 ||| READING scroll labelled LOONWA MEUBUEQUSMI.
   846 | D:1      | 846 ||| DROPPING scroll of butterflies.
   900 | D:2      | Found a faded altar of an unknown god.
   920 | D:2      | Noticed Jessica
   925 | D:2      | Killed Jessica
   926 | D:2      | Reached XP level 3. HP: 19/21 MP: 3/3
  1535 | D:2      | Reached skill level 5 in Ranged Weapons
  1535 | D:2      | Reached XP level 4. HP: 26/26 MP: 4/4
  1563 | D:2      | 1563 ||| DROPPING +0 leather armour of positive energy.
  1564 | D:2      | 1564 ||| READING scroll labelled TIOMOO VEOKK.
  1565 | D:2      | 1565 ||| READING scroll labelled PUNIHUEBAO.
  1566 | D:2      | 1566 ||| READING scroll labelled KAB VUABLI.
  1567 | D:2      | 1567 ||| READING scroll labelled KAFENE FEYTT.
  1568 | D:2      | 1568 ||| DRINKING 2 clear potions.
  1569 | D:2      | 1569 ||| DRINKING 2 golden potions.
  1570 | D:2      | 1570 ||| DROPPING potion of attraction.
  1579 | D:3      | 1579 ||| STAIRDANCE
  1581 | D:3      | 1581 ||| STAIRDANCE
  1589 | D:3      | 1589 ||| STAIRDANCE
  1665 | D:3      | Found a hazy altar of Hepliaklqana.
  1865 | D:3      | Reached skill level 3 in Fighting
  2155 | D:3      | 2155 ||| UPGRADING to ring of see invisible.
  2156 | D:3      | 2156 ||| READING scroll labelled MIPARU IXT.
  2157 | D:3      | 2157 ||| READING 3 scrolls labelled POTICV DYXKY.
  2162 | D:3      | 2162 ||| DRINKING 2 coppery potions.
  2211 | D:4      | Reached XP level 5. HP: 29/32 MP: 5/5
  2248 | D:4      | HP: 7/32 [scorpion (4)]
  2249 | D:4      | 2249 ||| READING 2 scrolls of teleportation.
  2250 | D:4      | 2250 ||| DRINKING 2 potions of heal wounds.
  2303 | D:4      | Reached skill level 6 in Ranged Weapons
  2303 | D:4      | Reached XP level 6. HP: 37/37 MP: 6/6
  2310 | D:4      | Noticed Menkaure
  2311 | D:4      | 2311 ||| RETREATING.
  2324 | D:4      | Killed Menkaure
  2407 | D:4      | HP: 5/40 [gnoll/+0 halberd (10)]
  2407 | D:4      | Slain by a gnoll

Levels and vault maps discovered:
D:1:      shiori_shiawase, layout_loops_corners, palyth_stone_intersect
D:2:      layout_basic, hellmonk_ecumenical_altar_zigzags, minmay_tromino_v4_a,
          uniq_jessica
D:3:      layout_rooms, nicolae_overflow_crystal_walls
D:4:      layout_cave_pools, uniq_natasha, uniq_menkaure

Skill      XL: |  1  2  3  4  5  6 |
---------------+-------------------+-----
Armour         | 2 |  2.1
Ranged Weapons | 5 6 |  6.5
Fighting       | 3 4 |  4.8
Dodging        | |  1.5
Stealth        | |  1.1

Action                     |  1- 3 |  4- 6 || total
---------------------------+-------+-------++-------
   Fire: Shortbow          |    99 |   126 ||   225
    Use: Scroll            |     1 |     7 ||     8
         Potion            |       |     4 ||     4
 Armour: Leather armour    |     5 |       ||     5
         Ring mail         |     7 |    23 ||    30
  Dodge: Dodged            |    26 |    48 ||    74

Table legend:
 A = Non-vault XP
 B = Vault XP
 C = Vault XP percentage of total XP
 D = Non-vault monster count
 E = Vault monster count
 F = Vault count percentage of total count
                 A         B        C        D         E       F
            +---------+---------+-------+---------+---------+-------
      Total |     383 |     213 |  35.7 |      60 |       5 |   7.7
            +---------+---------+-------+---------+---------+-------
        D:1 |      26 |       0 |   0.0 |      17 |       0 |   0.0
        D:2 |      17 |      41 |  70.7 |      10 |       4 |  28.6
        D:3 |      79 |       0 |   0.0 |      18 |       0 |   0.0
        D:4 |     261 |     172 |  39.7 |      15 |       1 |   6.2
            +---------+---------+-------+---------+---------+-------
